 Dungeon Crawl Stone Soup version 0.31-a0-1539-g569d6c7dce (webtiles) character file.

Game seed: 5050573449548133057

388350 Flugslaktarn the Conqueror (level 21, -3/224 HPs)
             Began as a Minotaur Fighter on Jan 1, 2024.
             Was a High Priest of Cheibriados.
             Slain by an ettin (11 damage)
             ... spawned from a protean progenitor
             ... on level 5 of the Realm of Zot.
             The game lasted 00:27:13 (29377 turns).

Flugslaktarn the Conqueror (Minotaur Fighter)      Turns: 29377, Time: 00:27:13

Health: -3/224     AC: 47    Str: 41    XL:     21   Next: 49%
Magic:  11/29      EV: 22    Int: 19    God:    Cheibriados [*****.]
Gold:   5264       SH: 15    Dex: 25    Spells: 20/20 levels left

rFire   + + +        u - +4 broad axe (freeze)
rCold   + + +        I - +2 kite shield
rNeg    . . .        V - +0 crystal plate armour {rC+}
rPois   +            x - +2 hat
rElec   +            U - +2 cloak
rCorr   +            c - +2 pair of gloves
SInv    .            W - +3 pair of mountain boots {steadfast, rC+}
Will    ++...        B - amulet of Vitality {RegenMP++ Regen++} Stlth
                     p - +4 ring of protection
HPRegen 2.17/turn    b - ring of Yfet {rF++ rC+ Will+ rCorr Int+2}
MPRegen 1.01/turn

%: no passive effects
@: about to teleport, silenced (expiring), resistant, marked, very slow
A: horns 2, retaliatory headbutt, cold resistance 1, poison resistance, subdued
magic 1
}: 3/15 runes: barnacled, abyssal, gossamer
a: Renounce Religion


You were on level 5 of the Realm of Zot.
You worshipped Cheibriados.
Cheibriados was extremely pleased with you.
You visited 7 branches of the dungeon, and saw 39 of its levels.
You visited the Abyss 1 time.
You also visited: Sewer, Bailey, Gauntlet and Ice Cave.

You collected 5390 gold pieces.
You spent 126 gold pieces at shops.

Inventory:

Hand Weapons
 u - a +4 broad axe of freezing (weapon)
   (You found it on level 8 of the Dungeon)
Missiles
 K - a curare-tipped dart
 M - 3 throwing nets
Armour
 c - a +2 pair of gloves (worn)
   (You found it on level 10 of the Dungeon)
 x - a +2 hat (worn)
   (You took it off Gastronok on level 3 of the Lair of Beasts)
 A - a scarf of resistance
   (You found it on level 4 of the Spider Nest)
 I - a +2 kite shield (worn)
   (You took it off a tengu warrior on level 2 of the Depths)
 N - +0 gold dragon scales
   (You found it on level 2 of the Depths)
 S - a +1 pair of boots of flying
   (You found it in a bailey)
 U - a +2 cloak (worn)
   (You found it on level 8 of the Dungeon)
 V - a +0 crystal plate armour of cold resistance (worn)
   (You found it in an ice cave)
 W - the +3 pair of mountain boots (worn) {steadfast, rC+}
   (You found it in a Gauntlet)

   Steadfast: It prevents involuntary movement, except for blinking,
   teleportation, or banishment.
   rC+:       It protects you from cold.
Jewellery
 a - a +4 ring of protection
   (You found it on level 15 of the Dungeon)
 b - the ring of Yfet (right hand) {rF++ rC+ Will+ rCorr Int+2}
   (You found it on level 15 of the Dungeon)

   [ring of resist corrosion]

   Int+2:     It affects your intelligence (+2).
   rF++:      It greatly protects you from fire.
   rC+:       It protects you from cold.
   Will+:     It increases your willpower.
   rCorr:     It protects you from acid and corrosion.
 f - a ring of protection from fire
   (You found it on level 5 of the Dungeon)
 i - a ring of see invisible
   (You found it on level 15 of the Dungeon)
 m - a ring of willpower
   (You found it on level 4 of the Lair of Beasts)
 p - a +4 ring of protection (left hand)
   (You found it on level 4 of the Dungeon)
 B - the amulet of Vitality (around neck) {RegenMP++ Regen++}
   (You took it off a gnoll on level 8 of the Dungeon)

   [amulet of magic regeneration]

   RegenMP:   It increases your rate of magic regeneration.
   Regen++:   It increases your rate of health regeneration.
Wands
 g - a wand of iceblast (42)
   (You found it on level 6 of the Dungeon)
 j - a wand of quicksilver (33)
   (You took it off Maurice on level 8 of the Dungeon)
 G - a wand of paralysis (36)
   (You found it on level 3 of the Dungeon)
 X - a wand of mindburst (30)
   (You found it in a Gauntlet)
Scrolls
 o - 7 scrolls of vulnerability
 s - a scroll of enchant armour
 t - 6 scrolls of teleportation
 y - 3 scrolls of silence
 C - 4 scrolls of revelation
 E - 6 scrolls of fog
 H - 4 scrolls of fear
 L - 5 scrolls of immolation
Potions
 d - 6 potions of might
 e - 6 potions of lignification
 h - a potion of haste
 k - a potion of berserk rage
 l - 4 potions of ambrosia
 q - 8 potions of curing
 v - 5 potions of mutation
 w - 3 potions of heal wounds
 J - 3 potions of cancellation
 O - 9 potions of enlightenment
 P - 2 potions of magic
 Q - a potion of invisibility
Miscellaneous
 D - a phantom mirror
   (You found it on level 9 of the Dungeon)
 F - a condenser vane
   (You found it on level 10 of the Dungeon)
 Y - a sack of spiders
   (You found it in a Gauntlet)
 Z - a phial of floods
   (You found it in a Gauntlet)


   Skills:
 O Level 27 Fighting
 - Level 18.0 Axes
 + Level 22.0 Armour
 + Level 18.8 Dodging
 - Level 9.7 Shields
 + Level 13.2 Invocations


You had 20 spell levels left.
You didn't know any spells.
Your spell library contained the following spells:

 Spells                   Type           Power      Damage    Failure   Level
 Apportation              Tloc           0%         N/A       78%         1
 Necrotise                Necr           0%         1d4       78%         1
 Shock                    Conj/Air       0%         1d3       78%         1
 Slow                     Hex            0%         N/A       78%         1
 Sting                    Conj/Alch      0%         1d3       78%         1
 Summon Small Mammal      Summ           0%         N/A       78%         1
 Ensorcelled Hibernation  Hex/Ice        0%         N/A       89%         2
 Lesser Beckoning         Tloc           0%         N/A       89%         2
 Sublimation of Blood     Necr           0%         N/A       89%         2
 Confusing Touch          Hex            0%         N/A       99%         3
 Gell's Gravitas          Tloc           0%         N/A       99%         3
 Passwall                 Erth           0%         N/A       99%         3
 Sigil of Binding         Hex            0%         N/A       99%         3
 Swiftness                Air            0%         N/A       99%         3
 Teleport Other           Tloc           0%         N/A       99%         3
 Tukima's Dance           Hex            0%         N/A       99%         3
 Vampiric Draining        Necr           0%         2d6       99%         3
 Airstrike                Air            0%         2d(0-16)  100%        4
 Brom's Barrelling Bould  Conj/Erth      0%         2d3       100%        4
 Leda's Liquefaction      Alch/Erth      0%         N/A       100%        4
 Passage of Golubria      Tloc           0%         N/A       100%        4
 Petrify                  Alch/Erth      0%         N/A       100%        4
 Vhi's Electric Charge    Tloc/Air       0%         N/A       100%        4
 Arcjolt                  Conj/Air       0%         1d10      100%        5
 Fireball                 Conj/Fire      0%         3d3       100%        5
 Irradiate                Conj/Alch      0%         3d11      100%        5
 Iskenderun's Battlesphe  Conj           0%         2d6       100%        5
 Lee's Rapid Deconstruct  Erth           0%         3d4*      100%        5
 Silence                  Hex/Air        0%         N/A       100%        5
 Summon Forest            Summ/Tloc      0%         N/A       100%        5
 Summon Mana Viper        Hex/Summ       0%         N/A       100%        5
 Yara's Violent Unravell  Hex/Alch       0%         3d3       100%        5
 Bombard                  Conj/Erth      0%         9d1       100%        6
 Conjure Ball Lightning   Conj/Air       0%         3x3d6     100%        6
 Eringya's Noxious Bog    Alch           0%         4d6       100%        6
 Summon Cactus Giant      Summ           0%         N/A       100%        6
 Haunt                    Necr/Summ      0%         N/A       100%        7
 Malign Gateway           Summ/Tloc      0%         N/A       100%        7
 Orb of Destruction       Conj           0%         9d5       100%        7
 Spellforged Servitor     Conj/Summ      0%         N/A       100%        7
 Summon Hydra             Summ           0%         N/A       100%        7
 Borgnjor's Revivificati  Necr           0%         N/A       100%        8
 Lehudib's Crystal Spear  Conj/Erth      0%         10d2      100%        8
 Maxwell's Capacitive Co  Air            0%         ∞         100%        8
 Summon Horrible Things   Summ           0%         N/A       100%        8
 Death's Door             Necr           0%         N/A       100%        9


Dungeon Overview and Level Annotations

Branches:
Dungeon (15/15)            Temple (0/1) D:7            Lair (5/5) D:10
 Shoals (4/4) Lair:3       Spider (4/4) Lair:3        Slime (0/5) Lair:5
    Orc (2/2) D:10            Elf (0/3) Orc:2        Vaults (0/5) D:13
 Depths (4/4) D:15            Zot (5/5) Depths:4      Sewer (visited)
 Bailey (visited)           IceCv (visited)         Gauntlet (visited)

Altars:
Ashenzari
Cheibriados
Gozag
Hepliaklqana
Ru
Trog
Uskayaw
Wu Jian
Zin
The Shining One
Jiyva

Shops:
Orc:1 :   Orc:2 [(?(   Shoals:4 (   Depths:1 :=:

Portals:
Hell: Depths:1 Depths:2 Depths:3 Depths:4
Abyss: Depths:1 Depths:3 Depths:4
Pandemonium: Depths:2
Ziggurat: Depths:4
Trove: Depths:2 (give 2 scrolls of acquirement)

Annotations:
D:5 1 exclusion
D:15 2 transporters
Depths:1 3 runed translucent doors
Depths:3 2 runed translucent doors, exclusion: obsidian statue


Innate Abilities, Weirdness & Mutations

You have a pair of horns on your head.
You reflexively headbutt those who attack you in melee.
Your flesh is cold resistant. (rC+)
Your system is resistant to poisons. (rPois)
Your spells are a little easier to cast, but a little less powerful.


Message History

The red draconian drops a net on you.
You become entangled in the net!
The Killer Klown blinks!
Unknown command.
You feel protected.
Unknown command.
Blink to where?
Press: ? - help, Dir - move target, f - you
Okay, then.
Okay, then.
Blink to where?
Press: ? - help, Dir - move target A moth of wrath and a tentacled monstrosity come into view.
As you read the scroll of blinking, it crumbles to dust.
The electric golem crackles and sizzles.
The electric golem blinks!
The Killer Klown blinks!
The moth of wrath goads the shadow dragon on!
The shadow dragon goes berserk!
The tentacled monstrosity drops a net on you.
You become entangled in the net!
The dread lich casts a spell at you. You resist with significant effort.
The electric golem crackles and sizzles.
The electric golem hurls lightning at you.
The bolt of lightning misses you.
Unknown command.
As you read the scroll of teleportation, it crumbles to dust.
You feel strangely unstable.
You feel the Orb delaying your translocation!
The shadow dragon bites you but does no damage.
The shadow dragon claws you but does no damage.
The shadow dragon closely misses you.
The moth of wrath goads the green draconian on!
The green draconian goes berserk!
The electric golem crackles and sizzles.
The shadow dragon closely misses you. You furiously retaliate!
You headbutt the shadow dragon!
The shadow dragon claws you but does no damage. x2
The moth of wrath bites you but does no damage.
The Killer Klown blinks!
You step out of the flow of time.
You return to the normal time flow.
Cheibriados lowers the support of your attributes as your movement quickens.
A Killer Klown, an Orb Guardian and a tentacled monstrosity come into view.
The Killer Klown is wielding a +11 club of freezing.
The Killer Klown shouts!
The ettin shouts in stereo! x2
The black draconian roars!
The Killer Klown shouts!
The black draconian roars!
You hear a shout!
You hear a roar!
You hear a shout!
You hear a roar! x4
The Killer Klown blinks!
You feel you are being watched by something.
You feel your power leaking away.
Unknown command.
You cut the Killer Klown into ribbons!!!
You freeze the Killer Klown!
The Killer Klown is heavily wounded.
You barely miss the Orb Guardian. You slice the black draconian!!
You freeze the black draconian. You hit the ettin. You freeze the ettin.
The Killer Klown blinks!
The ettin misses you. You furiously retaliate!
You headbutt the ettin. You block the ettin's attack.
The black draconian knight gestures wildly while chanting.
The black draconian knight flickers and vanishes!
The black draconian breathes lightning at you.
The bolt of lightning hits you. You resist. The Orb Guardian misses you.
You furiously retaliate!
You headbutt the Orb Guardian.
The Killer Klown grows four more heads, takes them off and juggles!
You slash the Killer Klown! You freeze the Killer Klown.
You headbutt the Killer Klown!
The Killer Klown is severely wounded.
You hit the ettin. You freeze the ettin. You slash the Orb Guardian!
You freeze the Orb Guardian. You closely miss the black draconian.
The orb of fire glows bright magenta.
The bolt of fire hits you! You resist.
The Killer Klown blinks! x2
The ettin completely misses you. You block the ettin's attack.
A black draconian comes into view.
It is wielding a +1 dire flail of draining.
The black draconian completely misses you.
You furiously retaliate!
You headbutt the black draconian!
The black draconian hits you from afar with a +1 trident of venom!
You block the Orb Guardian's attack.
You feel you are being watched by something.
You feel your power leaking away.
Unknown command.
A green draconian monk comes into view.
The Killer Klown pies you viciously! The klown pie hits you!!!
Blueberry!
An unnatural silence engulfs you.
The Orb Guardian fails to trigger a net trap.
The ettin hits you!!
* * * LOW HITPOINT WARNING * * *
The ettin misses you. The ettin hits you!
* * * LOW HITPOINT WARNING * * *
The ettin completely misses you. You block the black draconian's attack.
The Killer Klown blinks!
The black draconian breathes lightning at you.
The bolt of lightning hits the black draconian.
The black draconian completely resists.
The bolt of lightning hits you. You resist.
* * * LOW HITPOINT WARNING * * *
A white draconian comes into view. It is wielding a +0 dire flail.
The Orb Guardian hits you but does no damage.
You block the ettin's attack. The ettin hits you!!!
* * * LOW HITPOINT WARNING * * *
The ettin hits you but does no damage. The ettin hits you!
You die...

******▓▓▓▓▓▓▓▓▓
*▓▓^............▓▓▓▓
,..................▓▓▓
,.............p......▓▓
,..............§.^....▓ ▓▓▓▓▓▓▓▓▓
,.........d.X*.C@XX...▓▓▓..^.§^.▓
,........d....XCdX^.§.▓▓.........
,.............pXdX...d▓..§..§^.X)
*..............XDpX§..qd^...0....
,........y............▓.^p.....^.
,..................p..▓▓......§..
,.....................▓▓▓..^....▓
,.....................# ▓▓▓▓▓▓▓▓▓
..............^......##


You could see an orb of fire, 4 Killer Klowns, a shadow dragon, 2 tentacled
monstrosities, a green draconian monk, 3 draconians, a green draconian, 2
draconians, 7 Orb Guardians, 2 ettins and a moth of wrath.

Vanquished Creatures
  Tiamat (Zot:4)
  An ancient lich (Zot:5)
  A juggernaut (Depths:4)
  Sojobo (Depths:2)
  3 curse toes
  6 golden dragons
  A bone dragon (Depths:4)
  6 tentacled monstrosities
  14 Orb Guardians (Zot:5)
  Rupert (Orc:2)
  A titan (Zot:3)
  4 liches
  A walking divine tome (Depths:4)
  A quicksilver dragon (Zot:4)
  A kraken (Shoals:4)
  Gastronok (Lair:3)
  5 death cobs
  A sphinx (D:15)
  3 shadow dragons
  3 tengu reavers
  Kirke (D:15)
  5 storm dragons
  4 draconian monks
  2 protean progenitors (Zot:5)
  9 frost giants
  An emperor scorpion (Spider:4)
  7 fire giants
  6 draconian shifters
  3 draconian knights
  A caustic shrike zombie (Depths:3)
  3 draconian scorchers
  4 ghost moths
  2 cacodemons (Depths:3)
  6 broodmothers
  A reaper (Depths:3)
  An orc warlord (Orc:1)
  A draconian stormcaller (Zot:1)
  A spriggan defender (Depths:2)
  15 stone giants
  A quicksilver ooze (Gauntlet)
  6 very ugly things
  A draconian annihilator (Zot:1)
  4 green draconians
  3 yellow draconians
  A vampire knight (Depths:2)
  Azrael (D:15)
  A white draconian (Zot:1)
  7 red draconians
  A minotaur (Gauntlet)
  13 purple draconians
  9 black draconians
  8 fire dragons
  9 ettins
  3 merfolk javelineers (Shoals:4)
  3 jiangshi (Depths:2)
  Josephine (D:11)
  An entropy weaver (Spider:4)
  4 merfolk impalers
  6 vault guards
  Harold (Lair:1)
  6 spriggan air magi
  3 rakshasas
  3 merfolk avatars (Shoals:4)
  A hell beast (Depths:3)
  4 jorogumos
  11 hydras
  An ogre mage (D:15)
  9 centaur warriors
  5 ice dragons
  A caustic shrike simulacrum (Abyss:4)
  A radroach (Spider:4)
  4 catoblepae
  8 boulder beetles
  9 deep troll shamans
  2 merfolk aquamancers (Shoals:4)
  3 alligator snapping turtles
  6 deep troll earth magi
  3 death yaks (Lair:5)
  4 tengu warriors
  A satyr (Shoals:2)
  8 two-headed ogres
  A death scarab (Spider:4)
  2 vampire magi (Depths:2)
  A shock serpent (shapeshifter) (D:13)
  A thrashing horror (Abyss:4)
  4 demonic crawlers
  The ghost of MrCrawl the Arsonist, a novice DrFE of Vehumet (D:8)
  2 soul eaters
  3 orc high priests (Orc:2)
  5 spriggan berserkers
  22 hell knights
  3 sun demons (Depths:3)
  2 occultists
  A sixfirhy (Depths:3)
  3 skysharks
  A spark wasp zombie (Depths:3)
  A pharaoh ant (Spider:4)
  15 iron trolls
  A skeletal warrior (D:15)
  17 deep trolls
  12 sea snakes
  A sun moth (Spider:4)
  5 orb spiders (Spider:4)
  2 arcanists (D:13)
  A flayed ghost (Depths:2)
  Pikel (D:6)
  6 glowing orange brains
  6 orc knights
  2 bog bodies (IceCv)
  14 harpies
  A lindwurm (Lair:5)
  A steelbarb worm (Spider:4)
  3 deep elf pyromancers
  A shadow dragon zombie (Depths:3)
  4 large abominations (Abyss:4)
  7 necromancers
  A deep elf zephyrmancer (D:15)
  A shadow dragon skeleton (Depths:3)
  A salamander (Depths:2)
  4 orc sorcerers
  9 wolf spiders
  4 fauns (Shoals:2)
  A sphinx simulacrum (D:15)
  10 cyclopes
  21 ugly things
  Maurice (D:8)
  17 moths of wrath
  13 manticores
  23 elephants
  2 guardian serpents (D:15)
  7 meliai
  4 black mambas
  6 kobold blastminers
  2 ice statues
  2 rust devils (D:11)
  2 merfolk sirens
  2 smoke demons
  3 water nymphs
  2 centaur zombies (D:15)
  5 torpor snails
  A water nymph (shapeshifter) (D:13)
  A dire elephant skeleton (Abyss:4)
  2 black mambas (shapeshifter)
  2 orange demons (Depths:3)
  15 cane toads
  A hellion (Depths:3)
  A gargoyle (D:14)
  A tormentor (Depths:3)
  An unseen horror (D:11)
  3 kobold demonologists (D:14)
  5 rime drakes
  7 tengu conjurers
  An anaconda simulacrum (IceCv)
  A freezing wraith (IceCv)
  A red devil (Depths:3)
  4 komodo dragons
  3 efreet
  4 ice devils
  4 polar bears
  3 hellwings
  12 trolls
  6 merfolk
  5 wind drakes
  A merfolk (shapeshifter) (Depths:2)
  7 hornets
  6 tarantellas
  A dream sheep (shapeshifter) (Depths:4)
  Grinder (D:3)
  7 snapping turtles
  28 blink frogs
  3 glass eyes
  7 dream sheep
  17 slime creatures
  8 jumping spiders
  12 culicivoras
  3 ynoxinuls
  4 spriggans
  Eustachio (D:4)
  6 hogs (D:15)
  2 small abominations (Abyss:4)
  6 wyverns
  A shadow (D:9)
  5 wraiths (D:11)
  17 humans (D:13)
  52 yaks
  A fire elemental (D:15)
  5 starcursed masses (Abyss:4)
  5 water elementals (Shoals:4)
  4 basilisks
  12 vampire mosquitoes
  9 redbacks
  8 neqoxecs
  A warg (Orc:1)
  2 chaos spawn (D:11)
  2 hydra simulacra (IceCv)
  3 hell hounds (D:15)
  16 water moccasins
  An acid dragon (D:9)
  23 orc warriors
  Duvessa (D:7)
  5 sky beasts
  2 ice beasts (D:8)
  3 boggarts (D:15)
  5 ogres
  A boggart (shapeshifter) (D:15)
  11 wolves
  13 centaurs
  2 kobold brigands
  Blork the orc (D:4)
  18 bullfrogs
  A brain worm (Abyss:4)
  A brain worm (shapeshifter) (D:15)
  2 gnoll sergeants
  A scorpion (D:6)
  A necrophage (D:5)
  2 cane toad simulacra (IceCv)
  4 two-headed ogre simulacra (IceCv)
  Dowan (D:7)
  2 elephant simulacra (IceCv)
  3 howler monkeys
  An electric eel (Lair:2)
  2 bombardier beetles
  6 quasits (D:11)
  2 bullfrog zombies (D:5)
  A gnoll bouda (D:8)
  25 orc priests
  Crazy Yiuf (D:3)
  A hound (D:7)
  7 jellies
  A sleepcap (D:7)
  An iguana (D:5)
  17 orc wizards
  A polar bear simulacrum (IceCv)
  8 troll simulacra (IceCv)
  7 spriggan simulacra (IceCv)
  3 wolf simulacra (IceCv)
  2 centaur simulacra
  A mummy (D:5)
  A killer bee simulacrum (D:8)
  21 gnolls
  A river rat (Sewer)
  17 adders
  5 naga simulacra (IceCv)
  A shadow imp (D:6)
  10 white imps
  A howler monkey simulacrum (D:8)
  14 ufetubi
  3 dart slugs
  2 ribbon worms
  49 orcs
  11 endoplasms
  2 giant cockroaches
  13 goblins
  5 hobgoblins
  6 jackals
  A quokka (D:3)
  14 ball pythons
  8 bats
  7 frilled lizards
  18 kobolds
  28 rats
  A spectral hobgoblin (D:9)
  3 tentacles (Shoals:4)
1382 creatures vanquished.

Vanquished Creatures (collateral kills)
  A basilisk (Lair:2)
1 creature vanquished.

Vanquished Creatures (others)
  A fire giant (Zot:3)
  A very ugly thing (Depths:2)
  A two-headed ogre (Zot:3)
  A merfolk (Shoals:4)
  A human (D:15)
  An orc warrior (Orc:2)
  An orc priest (Orc:1)
  2 orc wizards (Orc:2)
  An orc (Orc:2)
  A tentacle (Shoals:4)
11 creatures vanquished.

Grand Total: 1394 creatures vanquished

Notes
Turn   | Place    | Note
-------+----------+-------------------------------------------
     0 | D:1      | Flugslaktarn the Minotaur Fighter began the quest for the
                  | Orb.
     0 | D:1      | Reached XP level 1. HP: 19/19 MP: 0/0
    41 | D:1      | You fall into a shaft and drop 1 floor!
   210 | D:2      | Reached skill level 4 in Fighting
   210 | D:2      | Reached XP level 2. HP: 25/27 MP: 1/1
   414 | D:2      | Found a glowing silver altar of Zin.
   615 | D:2      | Reached XP level 3. HP: 33/33 MP: 2/2
  1093 | D:3      | Reached XP level 4. HP: 38/41 MP: 3/3
  1382 | D:3      | Found a sacrificial altar of Ru.
  1441 | D:3      | Found a runed translucent door.
  1442 | D:3      | Noticed Crazy Yiuf
  1680 | D:3      | Noticed Grinder
  1680 | D:3      | Paralysed by Grinder for 3 turns
  1704 | D:3      | Killed Grinder
  1705 | D:3      | Reached skill level 5 in Fighting
  1705 | D:3      | Reached skill level 5 in Axes
  1705 | D:3      | Reached XP level 5. HP: 21/50 MP: 4/4
  1705 | D:3      | Reached XP level 6. HP: 24/57 MP: 5/5
  1882 | D:3      | Killed Crazy Yiuf
  2525 | D:4      | Noticed Eustachio
  2553 | D:4      | Found the +4 robe of Augmentation {Str+4 Int+4 Dex+4}
  2571 | D:4      | Killed Eustachio
  2572 | D:4      | Reached skill level 6 in Fighting
  2572 | D:4      | Reached skill level 5 in Armour
  2993 | D:4      | Noticed Blork the orc
  3001 | D:4      | Killed Blork the orc
  3002 | D:4      | Reached skill level 5 in Shields
  3002 | D:4      | Reached XP level 7. HP: 53/64 MP: 6/6
  3377 | D:5      | Entered Level 5 of the Dungeon
  3970 | D:5      | Found a glowing drain.
  4001 | Sewer    | Entered a sewer
  4286 | Sewer    | Reached skill level 7 in Fighting
  4425 | D:5      | Reached XP level 8. HP: 68/73 MP: 7/7
  4662 | D:6      | Reached skill level 8 in Fighting
  5171 | D:6      | Identified the +6 glaive of Magnificence {drain, Int+2}
  5249 | D:6      | Noticed Pikel
  5258 | D:6      | Killed Pikel
  5259 | D:6      | Reached skill level 9 in Fighting
  5259 | D:6      | Reached XP level 9. HP: 72/83 MP: 8/8
  5402 | D:6      | Found a broken altar of Ashenzari.
  5819 | D:7      | Found a glowing silver altar of Zin.
  6073 | D:7      | Found a snail-covered altar of Cheibriados.
  6083 | D:7      | Noticed Dowan
  6085 | D:7      | Noticed Duvessa
  6093 | D:7      | Killed Duvessa
  6104 | D:7      | Killed Dowan
  6190 | D:7      | Became a worshipper of Cheibriados the Contemplative
  6484 | D:7      | Reached skill level 10 in Fighting
  6489 | D:7      | Reached skill level 1 in Invocations
  6557 | D:7      | Reached * piety under Cheibriados
  6810 | D:7      | Found a staircase to the Ecumenical Temple.
  6872 | D:7      | Reached skill level 10 in Axes
  7170 | D:8      | Noticed Maurice
  7180 | D:8      | Maurice stole a throwing net
  7182 | D:8      | Maurice stole a +0 buckler
  7198 | D:8      | Killed Maurice
  7437 | D:8      | Found a runed translucent gate.
  7437 | D:8      | Found a runed translucent gate.
  7437 | D:8      | Found a runed translucent gate.
  7455 | D:8      | Noticed MrCrawl's ghost (novice DrFE)
  7491 | D:8      | Reached XP level 10. HP: 87/94 MP: 10/10
  7927 | D:9      | Found a hazy altar of Hepliaklqana.
  8165 | D:9      | Found a bloodstained altar of Trog.
  8482 | D:9      | Reached ** piety under Cheibriados
  8483 | D:9      | Reached skill level 11 in Fighting
  8772 | D:10     | Entered Level 10 of the Dungeon
  8909 | D:10     | Found a staircase to the Orcish Mines.
  8948 | D:10     | Found a staircase to the Lair.
  8963 | D:10     | Found a flagged portal.
  8992 | Bailey   | Entered a bailey
  9315 | D:10     | Reached *** piety under Cheibriados
  9623 | D:10     | Identified the +5 ring mail of the Gloaming {rC++}
  9810 | D:11     | Gained mutation: Your spells are a little easier to cast,
                  | but a little less powerful. [a neqoxec]
  9880 | Lair:1   | Entered Level 1 of the Lair of Beasts
  9961 | Lair:1   | Reached XP level 11. HP: 104/104 MP: 12/12
  9987 | Lair:1   | Reached skill level 12 in Fighting
 10105 | Lair:1   | Noticed Harold
 10119 | Lair:1   | Killed Harold
 10119 | Lair:1   | Reached **** piety under Cheibriados
 11074 | Lair:2   | Reached skill level 1 in Dodging
 11076 | Lair:2   | Reached skill level 5 in Invocations
 11078 | Lair:2   | Reached skill level 13 in Fighting
 11131 | Lair:2   | Reached skill level 10 in Armour
 11131 | Lair:2   | Reached XP level 12. HP: 111/115 MP: 15/15
 11386 | Lair:2   | Noticed a four-headed hydra
 11391 | Lair:2   | Reached ***** piety under Cheibriados
 11405 | Lair:2   | Killed a ten-headed hydra
 11476 | Lair:2   | Noticed a seven-headed hydra
 11494 | Lair:2   | Killed an 11-headed hydra
 11495 | Lair:2   | Reached skill level 14 in Fighting
 12114 | Lair:3   | Noticed Gastronok
 12138 | Lair:3   | Reached ****** piety under Cheibriados
 12147 | Lair:3   | Killed Gastronok
 12148 | Lair:3   | Reached skill level 5 in Dodging
 12166 | Lair:3   | Reached XP level 13. HP: 82/125 MP: 17/17
 12286 | Lair:3   | Found a hole to the Spider Nest.
 12342 | Lair:3   | Reached skill level 15 in Fighting
 12385 | Lair:3   | Reached skill level 15 in Axes
 12448 | Lair:3   | Found a staircase to the Shoals.
 13338 | Lair:4   | Found a runed translucent door.
 13522 | Lair:5   | Entered Level 5 of the Lair of Beasts
 13547 | Lair:5   | Reached skill level 16 in Fighting
 13595 | Lair:5   | Found a viscous altar of Jiyva.
 13596 | Lair:5   | Found a staircase to the Slime Pits.
 13846 | Lair:5   | Reached XP level 14. HP: 137/137 MP: 17/19
 14837 | D:11     | Noticed Josephine
 14848 | D:11     | Killed Josephine
 15682 | Orc:1    | Entered Level 1 of the Orcish Mines
 15682 | Orc:1    | Noticed an orc warlord
 15695 | Orc:1    | Reached skill level 17 in Fighting
 15696 | Orc:1    | Killed an orc warlord
 15791 | Orc:1    | Found Lazyvucs's Vocational Training.
 16043 | Orc:2    | Entered Level 2 of the Orcish Mines
 16202 | Orc:2    | Found a staircase to the Elven Halls.
 16343 | Orc:2    | Noticed Rupert
 16350 | Orc:2    | Paralysed by Rupert for 4 turns
 16356 | Orc:2    | Killed Rupert
 16715 | Orc:2    | Paralysed by an orc sorcerer for 5 turns
 16725 | Orc:2    | Found Ipte's Armour Emporium.
 16725 | Orc:2    | Found Ibrios's Weapon Shop.
 16725 | Orc:2    | Found Zinewain's Weapon Emporium.
 16725 | Orc:2    | Found Anyu's Magic Scroll Shop.
 16834 | Orc:2    | Bought a scroll of blinking for 82 gold pieces
 16834 | Orc:2    | Bought a scroll of fear for 44 gold pieces
 16988 | D:8      | Killed MrCrawl's ghost
 17154 | D:12     | Identified the +3 falchion of the Fray {freeze, rElec rPois
                  | rF+ Dex+4}
 17202 | D:12     | Found a frozen archway.
 17207 | D:12     | Reached XP level 15. HP: 147/147 MP: 20/20
 17222 | IceCv    | Entered an ice cave
 18727 | D:13     | Found a gate leading to a gauntlet.
 18782 | Gauntlet | Entered a Gauntlet
 18782 | Gauntlet | Found a transporter.
 18782 | Gauntlet | Found a transporter.
 18795 | Gauntlet | Found a transporter.
 18813 | Gauntlet | Found a transporter.
 18813 | Gauntlet | Found a transporter.
 18816 | Gauntlet | Found a transporter.
 18816 | Gauntlet | Found a transporter.
 18817 | Gauntlet | Found a transporter.
 18828 | Gauntlet | Found a transporter.
 18846 | Gauntlet | Found a transporter.
 18854 | Gauntlet | Found the +3 pair of mountain boots {steadfast, rC+}
 18856 | Gauntlet | Found a transporter.
 18857 | Gauntlet | Identified a scroll of acquirement
 18871 | Gauntlet | Found a transporter.
 18891 | Gauntlet | Found a transporter.
 18904 | Gauntlet | Found a transporter.
 19073 | D:13     | Acquired 1139 gold pieces
 19381 | D:13     | Reached skill level 18 in Fighting
 19383 | D:13     | Reached skill level 10 in Invocations
 19442 | D:13     | Found a gate to the Vaults.
 19453 | D:13     | Reached skill level 10 in Dodging
 19516 | D:13     | Found a glowing golden altar of the Shining One.
 19812 | D:14     | Found a broken altar of Ashenzari.
 20187 | D:14     | Found an opulent altar of Gozag.
 20358 | D:15     | Entered Level 15 of the Dungeon
 20398 | D:15     | Found a staircase to the Depths.
 20488 | D:15     | Reached XP level 16. HP: 149/159 MP: 22/22
 20576 | D:15     | Reached skill level 15 in Armour
 20596 | D:15     | Noticed Kirke
 20606 | D:15     | Killed Kirke
 20610 | D:15     | Identified the ring "Nyschel" {*Slow Int+6 SInv}
 20611 | D:15     | Noticed Azrael
 20621 | D:15     | Killed Azrael
 20625 | D:15     | Reached skill level 19 in Fighting
 20676 | D:15     | Found a hide-covered altar of Uskayaw.
 20736 | D:15     | Found a transporter.
 20752 | D:15     | Identified the ring of Ethics {rF+ rN+ Int-5 Dex+3}
 20768 | D:15     | Found an ornate altar of the Wu Jian Council.
 20867 | D:15     | Identified the ring of Yfet {rF++ rC+ Will+ rCorr Int+2}
 21056 | D:15     | Found a transporter.
 21070 | D:15     | Found an ornate altar of the Wu Jian Council.
 21131 | D:15     | Noticed a sphinx
 21136 | D:15     | Killed a sphinx
 21350 | Shoals:1 | Entered Level 1 of the Shoals
 21669 | Shoals:2 | Reached skill level 20 in Fighting
 21746 | Shoals:4 | Entered Level 4 of the Shoals
 21793 | Shoals:4 | Identified the +0 plate armour of Protective Custody {rPois
                  | Str-2 Slay+4 SInv}
 21815 | Shoals:4 | Reached XP level 17. HP: 96/170 MP: 18/23
 22027 | Shoals:4 | Found Tuceobba's Antique Weapon Boutique.
 22087 | Shoals:4 | Identified the +7 quarterstaff "Qautwoq" {freeze, rElec}
 22133 | Shoals:4 | Noticed a kraken
 22138 | Shoals:4 | Killed a kraken
 22338 | Shoals:4 | Identified the +9 morningstar of Baequtitzu {protect, Fly
                  | rElec}
 22580 | Shoals:4 | Got a barnacled rune of Zot
 22689 | Spider:1 | Entered Level 1 of the Spider Nest
 23144 | Spider:4 | Entered Level 4 of the Spider Nest
 23209 | Spider:4 | Reached skill level 21 in Fighting
 23421 | Spider:4 | Got a gossamer rune of Zot
 23431 | Spider:4 | Got a milky-white gem with 1212 turns to spare
 23843 | Depths:1 | Entered Level 1 of the Depths
 23847 | Depths:1 | Found Afihyu's Book Shop.
 23848 | Depths:1 | Found Ygunk's Jewellery Emporium.
 23849 | Depths:1 | Found Hajotuv's Book Shop.
 24149 | Depths:1 | Found a gateway to Hell.
 24214 | Depths:1 | Found a runed translucent gate.
 24214 | Depths:1 | Found a runed translucent gate.
 24214 | Depths:1 | Found a runed translucent gate.
 24317 | Depths:1 | Reached skill level 15 in Dodging
 24407 | Depths:1 | Found a one-way gate to the infinite horrors of the Abyss.
 24451 | Depths:1 | Reached XP level 18. HP: 164/182 MP: 24/24
 24840 | Depths:2 | Noticed a lich
 24847 | Depths:2 | Killed a lich
 24848 | Depths:2 | Reached skill level 22 in Fighting
 25145 | Depths:2 | Noticed a golden dragon
 25159 | Depths:2 | Killed a golden dragon
 25464 | Depths:2 | Found a one-way gate leading to the halls of Pandemonium.
 25501 | Depths:2 | Found a portal to a secret trove of treasure.
 25553 | Depths:3 | Noticed Sojobo
 25567 | Depths:2 | Killed Sojobo
 25623 | Depths:3 | Noticed a lich
 25704 | Depths:3 | Noticed a lich
 25717 | Depths:3 | Killed a lich
 25724 | Depths:3 | Killed a lich
 25863 | Depths:3 | Reached XP level 19. HP: 191/193 MP: 25/25
 25898 | Depths:3 | Gained mutation: You occasionally lose the ability to drink
                  | potions when taking damage. [a cacodemon]
 25902 | Depths:3 | Reached skill level 23 in Fighting
 25907 | Depths:3 | Gained mutation: You are vulnerable to cold. (rC-) [a
                  | neqoxec]
 25921 | Abyss:2  | Cast into level 2 of the Abyss (an occultist)
 25982 | Abyss:4  | Gained mutation: Your body sometimes deteriorates upon
                  | taking damage. [a neqoxec]
 26011 | Abyss:4  | Got an abyssal rune of Zot
 26026 | Abyss:4  | Gained mutation: Armour fits poorly on your strangely
                  | shaped body. [a neqoxec]
 26284 | Abyss:4  | Found a corrupted altar of Lugonu.
 26295 | Depths:3 | Escaped the Abyss
 26561 | Depths:3 | Found a runed translucent door.
 26567 | Depths:3 | Found a runed translucent door.
 26772 | Depths:4 | Entered Level 4 of the Depths
 26773 | Depths:4 | Noticed a juggernaut
 26786 | Depths:4 | Killed a juggernaut
 26919 | Depths:4 | Found a one-way gateway to a ziggurat.
 27544 | Depths:4 | Noticed a bone dragon
 27556 | Depths:4 | Killed a bone dragon
 27570 | Depths:4 | Found a gate to the Realm of Zot.
 27735 | Zot:1    | Entered Level 1 of the Realm of Zot
 27772 | Zot:1    | Reached skill level 24 in Fighting
 27815 | Depths:4 | Lost mutation: You occasionally lose the ability to drink
                  | potions when taking damage. [potion of mutation]
 27815 | Depths:4 | Lost mutation: You are vulnerable to cold. (rC-) [potion of
                  | mutation]
 27815 | Depths:4 | Gained mutation: You are frail. (-10% HP) [potion of
                  | mutation]
 27815 | Depths:4 | Gained mutation: Your flesh is heat resistant. (rF+)
                  | [potion of mutation]
 27816 | Depths:4 | Lost mutation: You are frail. (-10% HP) [potion of
                  | mutation]
 27816 | Depths:4 | Lost mutation: Your body sometimes deteriorates upon taking
                  | damage. [potion of mutation]
 27816 | Depths:4 | Lost mutation: Your flesh is heat resistant. (rF+) [potion
                  | of mutation]
 27816 | Depths:4 | Gained mutation: You sometimes lose your temper in combat.
                  | [potion of mutation]
 27816 | Depths:4 | Gained mutation: Your flesh is cold resistant. (rC+)
                  | [potion of mutation]
 27817 | Depths:4 | Lost mutation: Armour fits poorly on your strangely shaped
                  | body. [potion of mutation]
 27817 | Depths:4 | Lost mutation: You sometimes lose your temper in combat.
                  | [potion of mutation]
 27817 | Depths:4 | Gained mutation: Your muscles are strong. (Str +4, Int/Dex
                  | -1) [potion of mutation]
 27817 | Depths:4 | Lost mutation: Your muscles are strong. (Str +4, Int/Dex
                  | -1) [potion of mutation]
 27817 | Depths:4 | Gained mutation: Your system is resistant to poisons.
                  | (rPois) [potion of mutation]
 27879 | Zot:1    | Noticed a golden dragon
 27890 | Zot:1    | Killed a golden dragon
 27905 | Zot:1    | Reached XP level 20. HP: 166/206 MP: 27/27
 28018 | Zot:2    | Noticed a golden dragon
 28082 | Zot:2    | Killed a golden dragon
 28140 | Zot:3    | Noticed a curse toe
 28159 | Zot:3    | Killed a curse toe
 28236 | Zot:3    | Reached skill level 25 in Fighting
 28296 | Zot:3    | Noticed a curse toe
 28308 | Zot:3    | Killed a curse toe
 28423 | Zot:3    | Reached skill level 26 in Fighting
 28603 | Zot:4    | Noticed a golden dragon
 28613 | Zot:4    | Killed a golden dragon
 28634 | Zot:4    | Found the +4 dragonskin cloak
 28634 | Zot:4    | Noticed Tiamat
 28642 | Zot:4    | Reached skill level 27 in Fighting
 28690 | Zot:4    | Killed Tiamat
 28691 | Zot:4    | Reached XP level 21. HP: 44/224 MP: 29/29
 28822 | Zot:5    | Entered Level 5 of the Realm of Zot
 28865 | Zot:5    | Noticed a golden dragon
 28869 | Zot:5    | Noticed a curse toe
 28872 | Zot:5    | Killed a golden dragon
 28886 | Zot:5    | Killed a curse toe
 29342 | Zot:5    | Noticed an ancient lich
 29342 | Zot:5    | Noticed a Killer Klown
 29342 | Zot:5    | Noticed a golden dragon
 29347 | Zot:5    | Noticed a dread lich
 29350 | Zot:5    | Killed an ancient lich
 29358 | Zot:5    | Killed a golden dragon
 29358 | Zot:5    | Noticed an orb of fire
 29358 | Zot:5    | Noticed an orb of fire
 29358 | Zot:5    | Noticed an orb of fire
 29359 | Zot:5    | Noticed a Killer Klown
 29359 | Zot:5    | Noticed a Killer Klown
 29362 | Zot:5    | Noticed an orb of fire
 29367 | Zot:5    | Noticed a Killer Klown
 29369 | Zot:5    | Noticed an orb of fire
 29369 | Zot:5    | Noticed a Killer Klown
 29374 | Zot:5    | Noticed a Killer Klown
 29377 | Zot:5    | HP: 8/224 [ettin[a protean progenitor] (38)]
 29377 | Zot:5    | Slain by an ettin

Illustrated notes

Levels and vault maps discovered:
D:1:      amcnicky_arrival_abandoned_market, layout_rooms
D:2:      layout_basic, basic_altar
D:3:      layout_basic, nicolae_ru_the_path_less_chosen,
          uniq_crazy_yiuf_cottage, uniq_grinder
D:4:      layout_cave_pods, st_stairs_3, uniq_eustachio, uniq_blork_the_orc
D:5:      layout_basic, lemuel_mausoleum_altar_yredelemnul,
          cheibrodos_sewer_entry_bend
D:6:      layout_gridville, kennysheep_mini, uniq_pikel
D:7:      layout_layer_cave, mainiacjoe_overflow_paths,
          mainiacjoe_overflow_24_doors, temple_fountains, solitary_fountain,
          minivault_27, uniq_duvessa
D:8:      layout_rooms, gammafunk_ghost_icy, uniq_maurice
D:9:      layout_irregular_city, nicolae_hepliaklqana_monster_ancestors,
          nicolae_overflow_hidden_temple, hangedman_decor_diamond_cutter,
          nrook_mini_vaults
D:10:     layout_long_grid, dpeg_oklobed_lair, minmay_orc_entry_temple_small,
          enter_bailey_5, eino_tiny_chamber, kennysheep_generic_room_6
D:11:     layout_stronghold, serial_demonic, serial_demonic_a, serial_demonic_f,
          serial_demonic_a, serial_demonic_e, serial_demonic_a,
          serial_demonic_f, serial_demonic_g, grunt_ministairs_11,
          uniq_josephine
D:12:     layout_irregular_city, portal_ice_cave_demonic_guard
D:13:     kennysheep_room_grid, layout_cave_pools, grunt_vaults_entry_tiered,
          gauntlet_entry_generic, tso_metal_star
D:14:     layout_grid_maze, evilmike_ruin_ashenzari, nicolae_gozag_seed_capital
D:15:     hangedman_spin_cycle
Lair:1:   layout_layer_cave, uniq_harold
Lair:2:   layout_regular_city, st_stairs_13, nicolae_lair_grazing_beasts
          [nicolae_sub_lair_graze_edge, nicolae_sub_lair_graze_edge,
          nicolae_sub_lair_graze_edge, nicolae_sub_lair_graze_edge],
          serial_bayou_shore_b
Lair:3:   minmay_lair_venomous_thicket, layout_gridlike,
          minmay_shoals_entry_beasts, hellmonk_spider_entry_life_and_decay,
          grunt_megastairs_4, uniq_gastronok
Lair:4:   layout_big_grid, pf_torpor_hydra
Lair:5:   hangedman_lair_in_review, layout_regular_city, slime_entry_1,
          nicolae_volcano_entry_two_sided, grunt_megastairs_5
Shoals:1: layout_shoals, nicolae_shop_clearance
Shoals:2: layout_shoals
Shoals:3: layout_shoals, serial_shops, shop, nzn_prometheus_bound,
          uniq_polyphemus
Shoals:4: shoals_end_hangedman, layout_shoals, serial_shops,
          nicolae_shop_waterfront
Spider:1: layout_spider_delve, uniq_kirke, uniq_agnes
Spider:2: layout_cave_pods
Spider:3: layout_spider_delve, nicolae_spider_undead_wolf_pack
Spider:4: hellmonk_spider_rune_endless_swarm, uniq_donald, uniq_asterion
Orc:1:    layout_caves, nicolae_shop_vocational
Orc:2:    grunt_orc_tribal_feast, layout_caves, uniq_rupert
Depths:1: layout_roguey, hell_entry, kennysheep_nub, abyss_entry,
          grunt_decor_junction, pandoras_box_mu, minmay_shop_grove
Depths:2: minmay_blocking_statues, layout_gridlike, hell_entry,
          nicolae_trove_entry_columns, pan_entry, st_stairs_12,
          grunt_megastairs_2
Depths:3: thingy_vault_2, layout_cave_shapes, abyss_entry,
          grunt_hell_entry_demonic_statue, nrook_campfire, uniq_sojobo
Depths:4: grunt_zot_entry_hairpin, layout_cave_shapes, enter_ziggurat_d,
          hell_entry, abyss_entry, lemuel_round_altar
Zot:1:    nicolae_zot_draconian_monastery, layout_basic,
          hangedman_zot_wheel_spokes
Zot:2:    layout_misc_corridors, ebering_ghost_inner_flame
Zot:3:    lemuel_halls_of_wrath, layout_misc_corridors,
          regret_index_zotdec_silver_v_v_loose
Zot:4:    layout_misc_corridors, regret_index_zotdec_tunneler,
          st_large_dragon_hoard_3, grunt_megastairs_3, uniq_tiamat
Zot:5:    layout_basic

Skill      XL: |  1  2  3  4  5  6  7  8  9 10 11 12 13 14 15 16 17 18 19 20 21 |
---------------+----------------------------------------------------------------+-----
Fighting       | 4 5 6 7 9 10 11 13 14 16 17 18 20 21 22 24 27 | 27.0
Axes           | 3 5 6 8 10 11 13 14 16 17 18 | 18.0
Armour         | 4 5 6 7 8 10 11 12 13 14 16 18 20 21 22 | 22.0
Shields        | 4 5 6 7 8 9 |  9.7
Invocations    | 2 3 5 6 8 9 10 11 12 13 | 13.2
Dodging        | 2 5 6 8 10 13 15 16 17 18 | 18.8

Action                     |  1- 3 |  4- 6 |  7- 9 | 10-12 | 13-15 | 16-18 | 19-21 || total
---------------------------+-------+-------+-------+-------+-------+-------+-------++-------
  Melee: War axe           |    56 |    88 |   290 |   459 |   606 |       |       ||  1499
         Headbutt          |     7 |     6 |    50 |   109 |   264 |   276 |   285 ||   997
         Broad axe         |       |       |       |       |   385 |   864 |   821 ||  2070
         Unarmed           |       |       |       |       |       |     4 |       ||     4
 Invoke: Slouch            |       |       |       |       |     2 |    11 |    11 ||    24
         Step From Time    |       |       |       |       |     1 |     2 |     2 ||     5
  Evoke: Wand              |       |     4 |     1 |       |     1 |       |     1 ||     7
         Phantom mirror    |       |       |       |     1 |     1 |       |       ||     2
    Use: Scroll            |       |       |    11 |    11 |    10 |     3 |    14 ||    49
         Potion            |       |       |     4 |       |     1 |     4 |     9 ||    18
   Stab: Paralysed         |       |     6 |       |       |       |       |       ||     6
         Distracted        |       |       |       |       |     1 |     1 |       ||     2
 Armour: Scale mail        |    43 |    32 |       |       |       |       |       ||    75
         Chain mail        |       |    37 |   328 |   438 |   548 |       |       ||  1351
         Crystal plate arm |       |       |       |       |   213 |   686 |   457 ||  1356
         Skin              |       |       |       |       |       |     3 |       ||     3
         Gold dragon scale |       |       |       |       |       |   128 |   201 ||   329
  Dodge: Dodged            |    39 |    24 |   113 |   188 |   535 |   634 |   645 ||  2178
  Block: Buckler           |    13 |       |       |       |       |       |       ||    13
         Kite shield       |    14 |    49 |   181 |   385 |   782 |   766 |   733 ||  2910

Table legend: (Time is in decaauts)
 A = Elapsed time spent in this place.
 B = Non-inter-level travel time spent in this place.
 C = Inter-level travel time spent in this place.
 D = Time resting spent in this place.
 E = Time spent auto-exploring this place.
 F = Levels seen in this place.
 G = Mean time per level.
                   A        B        C        D        E       F      G
               +--------+--------+--------+--------+--------+-----+--------+
         Total |  43471 |  39782 |   3689 |   1865 |  29304 |  46 |  945.0 |
       Dungeon |  18309 |  16128 |   2181 |    747 |  12623 |  15 | 1220.6 |
          Lair |   8149 |   7604 |    545 |     71 |   6325 |   5 | 1629.8 |
        Shoals |   2216 |   2034 |    182 |     44 |   1457 |   4 |  554.0 |
   Spider Nest |   1566 |   1332 |    234 |     43 |    775 |   4 |  391.5 |
  Orcish Mines |   2096 |   2002 |     94 |     39 |   1630 |   2 | 1048.0 |
        Depths |   5735 |   5494 |    241 |    194 |   4065 |   4 | 1433.8 |
           Zot |   2154 |   1944 |    210 |    388 |    693 |   5 |  430.8 |
         Abyss |    608 |    608 |      0 |      0 |    381 |   3 |  202.7 |
         Sewer |    393 |    393 |      0 |      2 |    247 |   1 |  393.0 |
        Bailey |    401 |    401 |      0 |      0 |    236 |   1 |  401.0 |
      Ice Cave |   1340 |   1340 |      0 |    337 |    608 |   1 | 1340.0 |
      Gauntlet |    500 |    500 |      0 |      0 |    262 |   1 |  500.0 |
               +--------+--------+--------+--------+--------+-----+--------+

Top non-repeatable levels by time:
    D:11: 1998 daAuts
  Lair:1: 1958 daAuts
Depths:2: 1810 daAuts
  Lair:5: 1744 daAuts
  Lair:3: 1718 daAuts
  Lair:2: 1689 daAuts
     D:7: 1595 daAuts
Depths:4: 1575 daAuts
    D:10: 1501 daAuts
     D:9: 1488 daAuts
Shoals:4: 1463 daAuts
   Orc:2: 1462 daAuts
    D:13: 1406 daAuts
   IceCv: 1340 daAuts
    D:12: 1299 daAuts
